 Dungeon Crawl Stone Soup version 0.31-a0-246-g8cbcc1cb85 (console) character file.

Game seed: 8983181401804862479

44 petzl the Sneak (level 3, -1/25 (29) HPs)
             Began as a Formicid Delver on July 12, 2023.
             Killed from afar by a hell hog (21 damage)
             ... with a fireball
             ... on level 3 of the Abyss.
             The game lasted 00:06:35 (1246 turns).

petzl the Sneak (Formicid Delver)                   Turns: 1246, Time: 00:06:36

HP:   -1/25 (29)    AC:  3    Str: 16    XL:     3   Next: 87%
MP:   6/6           EV: 12    Int: 11    God:
Gold: 36            SH:  0    Dex: 15    Spells: 6/6 levels left

rFire   . . .        b - +0 mace
rCold   . . .        (no shield)
rNeg    . . .        j - +0 leather armour
rPois   .            (helmet unavailable)
rElec   .            l - scarf {+Inv}
rCorr   .            (no gloves)
SInv    +            (no boots)
Will    .....        (no amulet)
Stlth   +++          (no ring)
HPRegen 0.24/turn    (no ring)
MPRegen 0.10/turn

%: no passive effects
@: heavily drained
A: permanent stasis, dig shafts and tunnels, antennae 3, four strong arms
a: Dig, Shaft Self, Evoke Invisibility


You were on level 3 of the Abyss.
You visited 1 branch of the dungeon, and saw 7 of its levels.
You visited the Abyss 1 time.
You also visited: Sewer.

You collected 36 gold pieces.

Inventory:

Hand Weapons
 a - a +0 sling
 b - a +0 mace (weapon)
 e - a +0 flail
Missiles
 g - a throwing net
 h - 2 javelins
 i - a boomerang
Armour
 j - a +0 leather armour (worn)
 l - a scarf of invisibility (worn)
Magical Staves
 m - a staff of cold
Wands
 f - a wand of digging (3)
Scrolls
 c - a scroll of fog
 d - a scroll of revelation
 k - a scroll of immolation {unknown}
 n - a scroll of identify {unknown}


   Skills:
 - Level 3.2 Fighting
 - Level 2.0 Maces & Flails
 + Level 1.8 Ranged Weapons
 - Level 1.7 Dodging
 - Level 6.0 Stealth
 + Level 2.3 Spellcasting


You had 6 spell levels left.
You didn't know any spells.
Your spell library contained the following spells:

 Spells                   Type           Power      Damage    Failure   Level
 Inner Flame              Hex/Fire       1%         N/A       71%         3
 Yara's Violent Unravell  Hex/Tmut       0%         3d3       100%        5
 Enfeeble                 Hex            0%         N/A       100%        7


Dungeon Overview and Level Annotations

Branches:
Dungeon (10/15)             Sewer (visited)
 Temple: D:4-7         Lair: D:8-11         Orc: D:9-12

Altars:
Wu Jian

Shops:
D:5 (   D:9 *

Portals:
Bailey: D:10

Annotations:
D:5 exclusions: adder, centaur, ice beast and sensed monster (detected)
D:6 Eustachio
D:7 exclusions: electric eel and sleepcap
D:8 exclusions: downstairs, orc warrior, sensed monster (detected) and troll
D:10 exclusion: orc wizard


Innate Abilities, Weirdness & Mutations

You cannot be hasted, slowed, berserked, paralysed or teleported.
You can dig through walls and to a lower floor.
You have a pair of large antennae on your head. (SInv)
Your four strong arms can wield two-handed weapons with a shield.


Message History

Unknown command.
Unknown command.
The killer bee buzzes angrily.
Are you sure you want to shaft yourself?
You begin to dig a shaft.
You continue digging a shaft.
The killer bee stings you! The killer bee stings you.
A shaft appears beneath you!
You fall into a shaft and drop 2 floors!
The shaft crumbles and collapses.
Found a scroll labelled YLLUNE ZEGOA.
What are your orders? t - Shout!
Orders for allies: a - Attack new target. r - Retreat! s - Stop attacking. g - Guard the area. f - Follow me.
Anything else - Cancel.
Okay, then.
Unknown command.
Unknown command.
You start resting.
A gargoyle comes into view. It is wielding a +0 flail.
A wizard comes into view. It is wielding a +0 dagger.
A vampire comes into view.
Found a flail.
You see here a scroll labelled YLLUNE ZEGOA.
n - a scroll labelled YLLUNE ZEGOA The wizard shouts!
The wizard casts a spell at you.
You struggle to resist.
Found a book of Vapours.
The wizard gestures at you while chanting.
You are cast into the Abyss!
This branch contains the abyssal rune of Zot.
Beware, you cannot shaft yourself on this level. 2 hell hogs come into view.
The hell hog squeals angrily.
The hell hog breathes fire at you.
The fireball explodes!
The fireball engulfs you!!
Ouch! That really hurt!
You die...

.... ...# .... .....#
..... .....# .....
.....## ...... ....#.#...
#.....###........#
#......#.....#..# ..
.......@...#.#......
............#.## ..###
.............#.#.....##
..#...#.#...............
##....#...#..............
#..###.#...#...... ......
#.#
.........h.#.#........ #.
.##............ .. ...
#..##.............#. #
.... #.... .......... #
.#.... ................
#................... #
..........#........ ##
....... .#.... ...
.............. .. .
..........#.. . . . ..
....#. #...# ..... ... #.
.#..# . .... ....h .....


You could see a hell hog (catching breath).

Vanquished Creatures
  A hound (D:5)
  An ufetubus (D:5)
  An orc (D:7)
  A ball python (D:5)
  A giant cockroach (D:5)
  3 training dummies (D:5)
8 creatures vanquished.

Notes
Turn   | Place    | Note
-------+----------+-------------------------------------------
     0 | D:5      | petzl the Formicid Delver began the quest for the Orb.
     0 | D:5      | Reached XP level 1. HP: 18/18 MP: 1/1
    10 | D:6      | Noticed Eustachio
   177 | D:5      | Noticed an ice beast
   219 | D:5      | Found an ornate altar of the Wu Jian Council.
   292 | D:5      | Found Tipomaet's Firing Range.
   309 | D:5      | Reached skill level 1 in Spellcasting
   379 | D:5      | Noticed a centaur
   395 | D:5      | Reached XP level 2. HP: 13/24 MP: 4/4
   441 | D:5      | Reached skill level 1 in Ranged Weapons
   441 | D:5      | Reached XP level 3. HP: 13/29 MP: 4/6
   455 | D:5      | Found a glowing drain.
   558 | Sewer    | Entered a sewer
   583 | D:5      | You fall into a shaft and drop 2 floors!
   734 | D:9      | Noticed a killer bee
   734 | D:9      | Noticed a killer bee
   735 | D:9      | Noticed a killer bee
   769 | D:8      | Noticed a troll
   799 | D:8      | Noticed an orc warrior
  1053 | D:7      | HP: 1/25 [orc/+0 dagger (3)]
  1056 | D:7      | You fall into a shaft and drop 3 floors!
  1056 | D:10     | Entered Level 10 of the Dungeon
  1160 | D:10     | Found a flagged portal.
  1191 | D:9      | Found Zanatsiq's General Store.
  1216 | D:9      | You fall into a shaft and drop 2 floors!
  1222 | D:11     | Noticed a gargoyle
  1223 | D:11     | Noticed a wizard
  1225 | D:11     | Noticed a vampire
  1229 | Abyss:3  | Cast into level 3 of the Abyss (a wizard)
  1233 | Abyss:3  | Noticed a hell hog
  1233 | Abyss:3  | Noticed a hell hog
  1233 | Abyss:3  | Noticed a hell hog
  1246 | Abyss:3  | Killed from afar by a hell hog

Illustrated notes

Levels and vault maps discovered:
D:5:      layout_basic, mainiacjoe_overflow_paths,
          minmay_temple_entry_nine_rooms, cheibrodos_sewer_entry_drain,
          corexii_item_surrounded_by_moat, nicolae_shop_firing_range
D:6:      layout_loops_ring, uniq_edmund, uniq_eustachio, uniq_sigmund,
          uniq_blork_the_orc
D:7:      layout_rooms, nicolae_overflow_quartered_altars, kennysheep_donut,
          nicolae_water_bricks
D:8:      wad_guarded_room, layout_basic
D:9:      layout_basic, led_sif_pool, david_lair_shrubbed, serial_shops,
          nicolae_shop_trees, gammafunk_ghost_wrathful_warriors
D:10:     layout_rooms, nicolae_overflow_crystal_walls, enter_bailey_6,
          nicolae_shop_overcharged_wands
D:11:     layout_cave_pools
Abyss:3:  base: D:5, evilmike_abyss_exit_mutagenic

Skill      XL: |  1  2 |
---------------+-------+-----
Spellcasting   | 1 2 |  2.3
Ranged Weapons | 1 |  1.8
Fighting       | |  3.2
Maces & Flails | |  2.0
Dodging        | |  1.7
Stealth        | |  6.0

Action                     || total
---------------------------++-------
  Melee: Mace              ||    44
   Fire: Sling             ||    15
Ability: Dig               ||     3
         Shaft Self        ||     3
    Use: Scroll            ||     1
         Potion            ||     1
 Armour: Leather armour    ||    18
  Dodge: Dodged            ||    70

Table legend: (Time is in decaauts)
 A = Elapsed time spent in this place.
 B = Non-inter-level travel time spent in this place.
 C = Inter-level travel time spent in this place.
 D = Time resting spent in this place.
 E = Time spent auto-exploring this place.
 F = Levels seen in this place.
 G = Mean time per level.
                   A        B        C        D        E       F      G
               +--------+--------+--------+--------+--------+-----+--------+
         Total |   1263 |   1263 |      0 |    344 |    412 |   9 |  140.3 |
       Dungeon |   1235 |   1235 |      0 |    344 |    412 |   7 |  176.4 |
         Abyss |     16 |     16 |      0 |      0 |      0 |   1 |   16.0 |
         Sewer |     11 |     11 |      0 |      0 |      0 |   1 |   11.0 |
               +--------+--------+--------+--------+--------+-----+--------+

Top non-repeatable levels by time:
     D:5: 512 daAuts
     D:8: 258 daAuts
     D:7: 214 daAuts
    D:10: 126 daAuts
     D:6: 75 daAuts
     D:9: 34 daAuts
 Abyss:3: 16 daAuts
    D:11: 12 daAuts
   Sewer: 11 daAuts
